 Dungeon Crawl Stone Soup version 0.24.0-125-gc4c63601f3 (webtiles) character file.

Game seed: 13697894190831853938, levelgen mode: deterministic

1537 Frank2 the Cudgeler (level 8, -1/61 HPs)
             Began as a Demonspawn Gladiator on Mar 18, 2020.
             Was an Initiate of Fedhas.
             Slain by a killer bee (4 damage)
             ... on level 5 of the Dungeon.
             The game lasted 00:09:46 (5643 turns).

Frank2 the Cudgeler (Demonspawn Gladiator)          Turns: 5643, Time: 00:09:47

Health: -1/61      AC: 13    Str: 17 (18) XL:     8   Next: 56%
Magic:  8/8        EV: 12    Int:  8 (9)  God:    Fedhas [......]
Gold:   201        SH:  0    Dex: 16 (17) Spells: 7/7 levels left

rFire    . . .     SeeInvis .   a - +0 flail
rCold    . . .     Gourm    .   (no shield)
rNeg     . . .     Faith    .   i - +0 scale mail
rPois    .         Spirit   .   c - +0 helmet
rElec    .         Reflect  .   (no cloak)
rCorr    .         Harm     .   (no gloves)
MR       .....                  j - +1 pair of boots
Stlth    +.........             (no amulet)
HPRegen  0.20/turn              h - +3 ring of strength
MPRegen  0.11/turn              (no ring)

@: lethally poisoned (-1 -> -6)
A: talons 2, yellow scales 1, nightstalker 1, sense surroundings 1, powered by
pain 1, shaggy fur 1, subdued magic 1
a: Renounce Religion


You were on level 5 of the Dungeon.
You worshipped Fedhas.
Fedhas was noncommittal.
You were hungry.

You visited 2 branches of the dungeon, and saw 6 of its levels.

You collected 201 gold pieces.

Inventory:

Hand Weapons
 a - a +0 flail (weapon)
Armour
 c - a +0 helmet (worn)
 i - a +0 scale mail (worn)
 j - a +1 pair of boots (worn)
Jewellery
 h - a +3 ring of strength (left hand)
Wands
 b - a wand of polymorph (2)
Scrolls
 e - a scroll of fog
 g - 6 scrolls of identify
 k - 2 scrolls of remove curse
Comestibles
 f - 6 rations


   Skills:
 + Level 4.6 Fighting
 + Level 7.5 Maces & Flails
 - Level 1.7 Throwing
 + Level 4.0 Armour
 + Level 4.4 Dodging
 * Level 0.8 Invocations
 * Level 0.5 Evocations


You had 7 spell levels left.
You didn't know any spells.
Your spell library was empty.

Dungeon Overview and Level Annotations

Branches:
Dungeon (5/15)             Temple (1/1) D:4

Altars:
Cheibriados
Elyvilon
Fedhas
Hepliaklqana
Kikubaaqudgha
Nemelex Xobeh
Okawaru
Qazlal
Ru
Sif Muna
Trog
Uskayaw
Vehumet
Wu Jian
Yredelemnul
The Shining One

Shops:
D:4 =%[(:


Innate Abilities, Weirdness & Mutations

You have razor-sharp toenails.
You are partially covered in yellow scales. (AC +2)
You are slightly more attuned to the shadows.
You sometimes gain a little power by taking damage.
You passively map a small area around you.
You are covered in fur. (AC +1)
Your spells are a little easier to cast, but a little less powerful.


Message History

* * * LOW HITPOINT WARNING * * *
You feel sick.
The killer bee stings you but does no damage.
The killer bee barely misses you. x2
You are feeling hungry.
You hit the killer bee.
The killer bee is severely wounded.
* * * LOW HITPOINT WARNING * * *
You feel sick. The killer bee misses you. The killer bee barely misses you.
You miss the killer bee.
The killer bee is severely wounded.
* * * LOW HITPOINT WARNING * * *
You feel sick.
The killer bee stings you but does no damage. x2
You barely miss the killer bee.
The killer bee is severely wounded.
* * * LOW HITPOINT WARNING * * *
You feel sick. The killer bee stings you.
You die...
Fedhas appreciates your contribution to the ecosystem.

..#...#...##..##.#
.*#...#..........#
###....#......##
,* ##...#.......#
* ##..#.)..#..# ,*
#..##...##..##
#......###...## ,
#..#..####y...# ##
##...@yy...#
###.####### #.#
###


You could see 3 killer bees.

Vanquished Creatures
  Sigmund (D:3)
  Menkaure (D:5)
  3 ogres
  2 phantoms
  A centaur (D:4)
  2 scorpions
  2 killer bees (D:5)
  A howler monkey (D:5)
  A bullfrog zombie (D:5)
  2 orc priests (D:5)
  A bullfrog skeleton (D:4)
  A hound (D:4)
  3 iguanas
  A worker ant (D:4)
  Natasha (twice) (D:2)
  4 gnolls (D:5)
  5 adders
  A howler monkey skeleton (D:4)
  A river rat (D:4)
  A shadow imp (D:5)
  5 oozes
  5 worms
  A dart slug (D:2)
  7 leopard geckos
  2 orcs (D:5)
  6 giant cockroaches
  2 gnoll zombies (D:3)
  7 hobgoblins
  12 jackals
  6 kobolds
  2 quokkas
  2 ball pythons
  5 bats (D:1)
  2 frilled lizards (D:1)
  5 goblins
  8 rats
113 creatures vanquished.

Notes
Turn   | Place    | Note
-------+----------+-------------------------------------------
     0 | D:1      | Frank2 the Demonspawn Gladiator began the quest for the
                  | Orb.
     0 | D:1      | Reached XP level 1. HP: 16/16 MP: 1/1
   168 | D:1      | Reached skill level 3 in Maces & Flails
   175 | D:1      | Gained mutation: You sometimes gain a little power by
                  | taking damage. [demonic ancestry]
   175 | D:1      | Reached XP level 2. HP: 8/22 MP: 2/2
   693 | D:1      | Gained mutation: You are partially covered in yellow
                  | scales. (AC +2) [demonic ancestry]
   693 | D:1      | Reached XP level 3. HP: 23/27 MP: 3/3
  1338 | D:2      | Reached XP level 4. HP: 12/34 MP: 4/4
  1589 | D:2      | Reached skill level 1 in Armour
  1839 | D:2      | Noticed Natasha
  1862 | D:2      | Killed Natasha
  1862 | D:2      | Reached skill level 4 in Maces & Flails
  2152 | D:2      | Noticed Natasha
  2171 | D:2      | Killed Natasha
  2171 | D:2      | Gained mutation: You have sharp toenails. [demonic
                  | ancestry]
  2171 | D:2      | Reached XP level 5. HP: 10/39 MP: 5/5
  2516 | D:3      | Noticed Sigmund
  2534 | D:3      | Killed Sigmund
  2534 | D:3      | Gained mutation: You have razor-sharp toenails. [demonic
                  | ancestry]
  2534 | D:3      | Reached XP level 6. HP: 47/47 MP: 6/6
  3317 | D:3      | Found a basalt altar of Yredelemnul.
  3403 | D:4      | Reached skill level 5 in Maces & Flails
  3431 | D:4      | Found Siyraun's Book Emporium.
  3479 | D:4      | Found Ciuraije's Antique Weapon Shoppe.
  3502 | D:4      | Gained mutation: You are slightly more attuned to the
                  | shadows. [demonic ancestry]
  3502 | D:4      | Reached XP level 7. HP: 21/52 MP: 7/7
  3719 | D:4      | Reached skill level 6 in Maces & Flails
  3978 | D:4      | Found a staircase to the Ecumenical Temple.
  4161 | D:4      | Found a sacrificial altar of Ru.
  4208 | D:4      | Found Jatsub's Jewellery Emporium.
  4283 | D:4      | Found Mimu's Food Boutique.
  4342 | D:4      | Found Hocahyg's Armour Emporium.
  4449 | D:5      | Entered Level 5 of the Dungeon
  4576 | D:5      | Reached XP level 8. HP: 54/60 MP: 8/8
  4843 | D:5      | Reached skill level 7 in Maces & Flails
  4884 | D:5      | Gained mutation: Your spells are a little easier to cast,
                  | but a little less powerful. [potion of mutation]
  4884 | D:5      | Gained mutation: You are covered in fur. (AC +1) [potion of
                  | mutation]
  4884 | D:5      | Gained mutation: You passively map a small area around you.
                  | [potion of mutation]
  4896 | D:5      | HP: 3/60 [poisoned by a killer bee]
  4905 | D:4      | HP: 2/60 [poisoned by a killer bee]
  4911 | D:4      | HP: 2/60 [poisoned by a killer bee]
  4916 | D:4      | HP: 2/60 [poisoned by a killer bee]
  4923 | D:4      | HP: 2/60 [poisoned by a killer bee]
  4942 | Temple   | Entered the Ecumenical Temple
  5224 | Temple   | Became a worshipper of Fedhas Madash
  5270 | D:5      | Noticed Menkaure
  5287 | D:5      | Killed Menkaure
  5643 | D:5      | HP: 3/61 [poisoned by a killer bee]
  5643 | D:5      | Slain by a killer bee

Levels and vault maps discovered:
D:1:      shiori_arrival_oz, layout_basic, wad_floor_pattern_1
D:2:      layout_loops_ring, uniq_natasha
D:3:      layout_loops_corners, lemuel_zombie_altar_yredelemnul, uniq_sigmund
D:4:      layout_loops_cross, marbit_many_paths, minmay_temple_entry_wispy,
          serial_shops, shop, shop, nicolae_shop_stone, kennysheep_mini_moat,
          shop, first_ration
D:5:      layout_cave_pools, makhleb_heckhound_becter,
          lemuel_coloured_pillars_altar, uniq_menkaure, uniq_eustachio
Temple:   nicolae_temple_great_sept

Skill      XL: |  1  2  3  4  5  6  7  8 |
---------------+-------------------------+-----
Maces & Flails | 3 4 5 6 7 |  7.5
Dodging        | 3 4 |  4.4
Armour         | 1 2 3 4 |  4.0
Fighting       | 3 4 |  4.6
Throwing       | |  1.7
Invocations    | |  0.8
Evocations     | |  0.5

Action                   |  1- 3 |  4- 6 |  7- 9 || total
-------------------------+-------+-------+-------++-------
Melee: Flail             |   142 |   187 |   221 ||   550
       Kick              |       |    15 |       ||    15
Throw: Throwing net      |       |     5 |     1 ||     6
Evoke: Wand              |       |       |     1 ||     1
  Use: Potion            |       |     1 |     3 ||     4
       Scroll            |       |     4 |     4 ||     8
 Stab: Sleeping          |     1 |       |       ||     1
       Held in net/web   |       |     2 |     1 ||     3
  Eat: Chunk             |     1 |     7 |     4 ||    12
       Ration            |       |       |     1 ||     1
Armor: Leather armour    |    46 |       |       ||    46
       Scale mail        |       |    56 |   124 ||   180
       Skin              |       |    17 |       ||    17
Dodge: Dodged            |   118 |   106 |   235 ||   459
